 Dungeon Crawl Stone Soup version 0.27-a0-1456-gf5a1169 (webtiles) character file.

Game seed: 205898039246769670

4 BigZZ40 the Magician (level 1, -4/9 HPs)
             Began as a Spriggan Hedge Wizard on July 5, 2021.
             Frozen to death by an endoplasm (5 damage)
             ... on level 1 of the Dungeon.
             The game lasted 00:05:27 (140 turns).

BigZZ40 the Magician (Spriggan Hedge Wizard)         Turns: 140, Time: 00:05:27

Health: -4/9       AC:  2    Str:  6    XL:     1   Next: 50%
Magic:  0/6        EV: 17    Int: 15    God:
Gold:   10         SH:  0    Dex: 14    Spells: 7/8 levels left

rFire    . . .     SeeInvis +   a - +0 dagger
rCold    . . .     Faith    .   (shield restricted)
rNeg     . . .     Spirit   .   b - +0 robe
rPois    .         Reflect  .   c - +0 hat
rElec    .         Harm     .   (no cloak)
rCorr    .         Rampage  .   (gloves unavailable)
Will     .....                  (boots unavailable)
Stlth    ++........             (no amulet)
HPRegen  0.03/turn              (no ring)
MPRegen  0.10/turn              (no ring)

@: very quick
A: very small, no large weapons, unfitting armour, see invisible, speed 3
a: no special abilities


You were on level 1 of the Dungeon.
You visited 1 branch of the dungeon, and saw 1 of its levels.

You collected 10 gold pieces.

Inventory:

Hand Weapons
 a - a +0 dagger (weapon)
Armour
 b - a +0 robe (worn)
 c - a +0 hat (worn)
Scrolls
 d - a scroll of amnesia {unknown}


   Skills:
 + Level 2.6 Dodging
 + Level 3.0 Stealth
 + Level 4.3 Spellcasting
 + Level 0.6 Conjurations
 + Level 0.7 Summonings
 + Level 1.5 Translocations


You had 7 spell levels left.
You knew the following spells:

 Your Spells              Type           Power      Damage    Failure   Level
a - Magic Dart            Conj           20%        1d4       14%         1

Your spell library contained the following spells:

 Spells                   Type           Power      Damage    Failure   Level
 Blink                    Tloc           N/A        N/A       14%         2
 Call Imp                 Summ           5%         N/A       21%         2
 Slow                     Hex            3%         N/A       26%         2
 Conjure Flame            Conj/Fire      4%         6-21      43%         3
 Mephitic Cloud           Conj/Pois/Air  3%         N/A       43%         3


Dungeon Overview and Level Annotations

Branches:
Dungeon (1/15)

Altars:


Innate Abilities, Weirdness & Mutations

You are very small and have problems with some larger weapons.
You are too small for most types of armour.
You have supernaturally acute eyesight. (SInv)
You cover ground extremely quickly. (Speed+++)


Message History

Ye dinnae haf enough magic ta cast 'tis spell.
Thar be monsters nearby!
Thar be monsters nearby!
Thar be monsters nearby!
Ye barely miss tha quokka.
Tha quokka bites ye.
Ye barely miss tha quokka.
Tha quokka completely misses ye. x2
Ye barely miss tha quokka.
Tha quokka bites ye.
Ye hit tha quokka but do nay damage.
Tha quokka bites ye.
* * * LOW HITPOINT WARNIN'
* * * Ye hit tha quokka but do nay damage.
Tha quokka barely misses ye.
Ye hit tha quokka.
Tha quokka be moderately wounded.
Tha quokka barely misses ye.
Ye hit tha quokka but do nay damage.
Tha quokka be moderately wounded.
Tha quokka bites ye but does nay damage.
Tha quokka bites ye.
* * * LOW HITPOINT WARNIN'
* * * Aimin': Magic Dart (safe; 14% risk o' failure)
Press: ? - help, Q - select action Shift-Dir - straight line, f/p - quokka
Aim: a quokka (moderately wounded, 100% ta hit) Tha magic dart hits tha quokka.
Tha quokka be severely wounded.
Tha quokka barely misses ye.
Ye hit tha quokka.
Tha quokka be almost dead.
Tha quokka barely misses ye.
Ye hit tha quokka.
Ye kill tha quokka!
Ye dinnae haf enough magic ta cast 'tis spell.
Ye barely miss tha endoplasm.
Tha endoplasm misses ye.
Ye hit tha endoplasm.
Tha endoplasm be lightly wounded.
Tha endoplasm closely misses ye.
Ye hit tha endoplasm.
Tha endoplasm be moderately wounded.
Tha endoplasm freezes ye.
Ye be froz'n.
Ouch! Tha re'lly hurt!
Ye die...

.......)..############.# #.#.
.......................######.#.
.#####..........#.............#.
###........#.#........[....
#........#.#.............
#........#...............
####...#################.
#...#.....# #† #...J@.<..# #.
##.##.....# #. #.###'###### #.
... #......# #. #... #......# #.
##.# ######.#########. #.
#........... #.########## #.#


You could see an endoplasm.

Vanquished Creatures
  A ball python (D:1)
  A goblin (D:1)
  A quokka (D:1)
3 creatures vanquished.

Notes
Turn   | Place    | Note
-------+----------+-------------------------------------------
     0 | D:1      | BigZZ40 the Spriggan Hedge Wizard began the quest for the
                  | Orb.
     0 | D:1      | Reached XP level 1. HP: 9/9 MP: 6/6
   140 | D:1      | Frozen to death by an endoplasm

Illustrated notes

Levels and vault maps discovered:
D:1:      dpeg_arrival_houses_and_road, layout_basic, minmay_tiny_reverse_x

Action                   || total
-------------------------++-------
Melee: Dagger            ||    13
 Cast: Magic Dart        ||    11
Armor: Robe              ||     1
Dodge: Dodged            ||     9

Table legend: (Time is in decaauts)
 A = Elapsed time spent in this place.
 B = Non-inter-level travel time spent in this place.
 C = Inter-level travel time spent in this place.
 D = Time resting spent in this place.
 E = Time spent auto-exploring this place.
 F = Levels seen in this place.
 G = Mean time per level.
                   A        B        C        D        E       F      G
               +--------+--------+--------+--------+--------+-----+--------+
         Total |    108 |    106 |      2 |      0 |     51 |   1 |  108.0 |
       Dungeon |    108 |    106 |      2 |      0 |     51 |   1 |  108.0 |
               +--------+--------+--------+--------+--------+-----+--------+

Top non-repeatable levels by time:
     D:1: 108 daAuts
